 Dungeon Crawl Stone Soup version 0.29.1-12-g30fa7ad0bf (webtiles) character file.

Game seed: 11880221857116386984

982 hawla the Chiller (level 8, -15/58 HPs)
             Began as a Meteoran Ice Elementalist on Jan 3, 2023.
             Demolished by an ogre
             ... wielding a +0 giant club
              (33 damage)
             ... on level 6 of the Dungeon.
             The game lasted 00:10:20 (1544 turns).

hawla the Chiller (Meteoran Ice Elementalist)       Turns: 1544, Time: 00:10:20

Health: -15/58     AC:  3    Str:  9    XL:     8   Next: 68%
Magic:  12/18      EV: 13    Int: 19    God:
Gold:   114        SH:  0    Dex: 15    Spells: 11/19 levels left

rFire   . . .      SeeInvis .   o - staff of cold
rCold   + . .      Faith    .   (no shield)
rNeg    + . .      Spirit   .   a - +0 robe
rPois   .          Reflect  .   (no helmet)
rElec   .          Harm     .   (no cloak)
rCorr   .          Rampage  .   (no gloves)
Will    +....                   n - +0 pair of boots
Stlth   +.........              (no amulet)
HPRegen 0.19/turn               g - ring of positive energy
MPRegen 0.16/turn               (no ring)

@: freezing walls, glowing
A: sense surroundings 1, otherworldly, glowing, explore regen
a: no special abilities


You were on level 6 of the Dungeon.
You visited 1 branch of the dungeon, and saw 6 of its levels.

You collected 114 gold pieces.

Inventory:

Armour
 a - a +0 robe (worn)
 n - a +0 pair of boots (worn)
Magical Staves
 o - a staff of cold (weapon)
Jewellery
 g - a ring of positive energy (left hand)
Scrolls
 e - a scroll of butterflies
Potions
 b - a potion of magic
 c - a potion of curing
 d - a potion of degeneration
 f - a potion of berserk rage {unknown}
 i - a potion of mutation {unknown}
 j - a potion of lignification {unknown}
 k - a potion of haste {unknown}
 l - 2 potions of brilliance {unknown}
 m - a potion of heal wounds {unknown}


   Skills:
 + Level 0.5 Fighting
 + Level 2.9 Dodging
 - Level 1.4 Stealth
 + Level 6.3 Spellcasting
 + Level 6.2 Conjurations
 + Level 7.0 Ice Magic
 + Level 2.0 Evocations


You had 11 spell levels left.
You knew the following spells:

 Your Spells              Type           Power      Damage    Failure   Level
a - Freeze                Ice            100%       1d11      1%          1
b - Frozen Ramparts       Ice            98%        1d15      1%          3
c - Hailstorm             Conj/Ice       47%        3d11      7%          4

Your spell library contained the following spells:

 Spells                   Type           Power      Damage    Failure   Level
 Ozocubu's Armour         Ice            49%        N/A       1%          3
 Ensorcelled Hibernation  Hex/Ice        58%        N/A       3%          2
 Apportation              Tloc           12%        N/A       11%         1
 Necrotise                Necr           24%        1d5       11%         1
 Summon Small Mammal      Summ           24%        N/A       11%         1
 Call Canine Familiar     Summ           6%         N/A       32%         3
 Spider Form              Tmut/Pois      6%         N/A       32%         3
 Summon Guardian Golem    Hex/Summ       6%         N/A       32%         3
 Anguish                  Hex/Necr       3%         N/A       71%         4


Dungeon Overview and Level Annotations

Branches:
Dungeon (6/15) Zot: 2055
 Temple: D:4-7

Altars:
Wu Jian
Zin


Innate Abilities, Weirdness & Mutations

You passively map a small area around you.
You are easily found by Zot.
You glow in the dark.
You regain HP and MP as you explore.


Message History

Casting: Frozen Ramparts (safe; 1% risk of failure)
Press: ? - help, Dir - look around, f - activate A stone staircase leading up.
You feel a surge of power!
The walls around you are covered in ice.
The wall freezes the howler monkey.
The howler monkey hits you.
The wall freezes the ogre!
Casting: Frozen Ramparts (safe; 1% risk of failure)
Confirm with . or Enter, or press ? or * to list all spells.
Aiming: Freeze (safe; 1% risk of failure)
Press: ? - help, Shift-Dir - straight line, f - ogre
Aim: an ogre, wielding a +0 giant club (moderately wounded)
You feel a surge of power!
You freeze the ogre.
The ogre is moderately wounded.
The wall freezes the howler monkey.
The howler monkey barely misses you.
The ogre hits you with a +0 giant club!!
Casting: Freeze (safe; 1% risk of failure)
Confirm with . or Enter, or press ? or * to list all spells.
Aiming: Freeze (safe; 1% risk of failure)
Press: ? - help, Shift-Dir - straight line, f/p - ogre
Aim: an ogre, wielding a +0 giant club (moderately wounded)
You feel a surge of power!
You freeze the ogre.
The ogre is heavily wounded.
The wall freezes the howler monkey!
The howler monkey hits you.
Unknown command.
Casting: Freeze (safe; 1% risk of failure)
Confirm with . or Enter, or press ? or * to list all spells.
Aiming: Freeze (safe; 1% risk of failure)
Press: ? - help, Shift-Dir - straight line, f/p - ogre
Aim: an ogre, wielding a +0 giant club (heavily wounded)
You feel a surge of power!
You freeze the ogre.
The ogre is severely wounded.
The wall freezes the howler monkey!
You kill the howler monkey!
The ogre hits you with a +0 giant club!!
* * * LOW HITPOINT WARNING * * *
You feel better.
The ogre hits you with a +0 giant club!!
Ouch! That really hurt!
You die...

* , * , #.#
*,, * #.# * ,
#.# * * * ,
,... * ##.##*
* ,
#.###...####
#?....O....#,
* , *#<@†# ,
##.## , #..
#### * * * **
, ,,* * , , *
** ** * * ,


You could see an ogre.

Vanquished Creatures
  A black bear (D:5)
  An ice beast (D:5)
  2 ogres (D:5)
  Blork the orc (D:5)
  2 necrophages
  A scorpion (D:5)
  A howler monkey (D:6)
  An orc priest (D:4)
  4 hounds
  A jelly (D:5)
  An orc wizard (D:4)
  3 gnolls (D:3)
  4 adders
  A shadow imp (D:5)
  An ufetubus (D:5)
  2 worms
  3 orcs (D:4)
  2 bats
  3 endoplasms
  A giant cockroach (D:2)
  5 goblins
  7 hobgoblins
  4 kobolds
  4 quokkas
  A ball python (D:4)
  A frilled lizard (D:1)
  20 rats
78 creatures vanquished.

Notes
Turn   | Place    | Note
-------+----------+-------------------------------------------
     0 | D:1      | hawla the Meteoran Ice Elementalist began the quest for the
                  | Orb.
     0 | D:1      | Reached XP level 1. HP: 14/14 MP: 5/5
    66 | D:1      | Reached XP level 2. HP: 20/20 MP: 2/6
   199 | D:2      | Reached skill level 5 in Ice Magic
   204 | D:2      | Reached XP level 3. HP: 21/26 MP: 6/8
   208 | D:2      | Learned a level 3 spell: Frozen Ramparts
   290 | D:3      | Noticed a necrophage
   295 | D:3      | Reached XP level 4. HP: 18/33 MP: 2/10
   303 | D:3      | Killed a necrophage
   304 | D:3      | Reached XP level 5. HP: 24/38 MP: 0/13
   309 | D:3      | Learned a level 4 spell: Hailstorm
   346 | D:3      | Reached skill level 1 in Conjurations
   362 | D:3      | Found an ornate altar of the Wu Jian Council.
   380 | D:3      | Reached XP level 6. HP: 45/45 MP: 6/14
   855 | D:4      | Reached XP level 7. HP: 42/50 MP: 10/15
   857 | D:4      | Reached skill level 5 in Conjurations
   921 | D:5      | Entered Level 5 of the Dungeon
  1096 | D:5      | Reached skill level 5 in Spellcasting
  1201 | D:5      | Reached skill level 6 in Ice Magic
  1202 | D:5      | Noticed Blork the orc
  1205 | D:5      | Killed Blork the orc
  1206 | D:5      | Reached XP level 8. HP: 58/58 MP: 1/17
  1252 | D:5      | Found a glowing silver altar of Zin.
  1426 | D:5      | Reached skill level 7 in Ice Magic
  1544 | D:6      | Demolished by an ogre

Illustrated notes

Levels and vault maps discovered:
D:1:      amcnicky_arrival_abandoned_market, layout_rooms, serial_shops, shop,
          ebering_ecumenical_altar_box, skrybe_limestone_x
D:2:      layout_loops_ring, serial_shops, shop, minmay_hedge_maze
D:3:      layout_loops_ring, nicolae_tso_besieged_by_evil, lemuel_round_altar,
          nicolae_uskayaw_dance_hall, mainiacjoe_overflow_tiny_flanked,
          serial_shops, nicolae_shop_advertising_works
          [nicolae_subvault_shop_adworks]
D:4:      layout_rooms, hex_tiny, minmay_rat_hole
D:5:      layout_loops_ring, mainiacjoe_overflow_paths, uniq_blork_the_orc
D:6:      minmay_klotski, layout_loops_ring, xom_butterflies,
          mainiacjoe_overflow_large_starburst, serial_shops,
          nicolae_shop_window_shopping

Skill      XL: |  1  2  3  4  5  6  7  8 |
---------------+-------------------------+-----
Spellcasting   | 3 4 5 6 |  6.3
Ice Magic      | 5 6 7 |  7.0
Conjurations   | 1 4 5 6 |  6.2
Evocations     | 2 |  2.0
Fighting       | |  0.5
Dodging        | |  2.9
Stealth        | |  1.4

Action                   |  1- 3 |  4- 6 |  7- 9 || total
-------------------------+-------+-------+-------++-------
Melee: Unarmed           |     2 |    70 |       ||    72
       Punch             |       |     2 |       ||     2
       Staff             |       |     1 |     9 ||    10
 Cast: Freeze            |    24 |    30 |    14 ||    68
       Frozen Ramparts   |     3 |     9 |    10 ||    22
       Hailstorm         |       |     8 |     8 ||    16
  Use: Potion            |       |     1 |     1 ||     2
       Scroll            |       |       |     3 ||     3
Armor: Robe              |     7 |    17 |     3 ||    27
Dodge: Dodged            |    18 |    57 |    11 ||    86
